 Dungeon Crawl Stone Soup version 0.31.0-11-ge490571c62 (webtiles) character file.

Game seed: 17702088932940813032

138 qw the Ducker (level 5, -2/25 HPs)
             Began as a Spriggan Hunter on Feb 3, 2024.
             Splashed by a jelly's acid (12 damage)
             ... on level 3 of the Dungeon.
             The game lasted 00:00:22 (2007 turns).

qw the Ducker (Spriggan Hunter)                     Turns: 2007, Time: 00:00:23

Health: -2/25      AC:  2    Str:  7    XL:     5   Next: 1%
Magic:  6/6        EV: 23    Int: 10    God:
Gold:   160        SH:  0    Dex: 27    Spells: 4/4 levels left

rFire   . . .        d - +1 hand cannon (drain)
rCold   . . .        (no shield)
rNeg    . . .        c - +0 robe
rPois   .            (helmet restricted)
rElec   .            (no cloak)
rCorr   .            (gloves unavailable)
SInv    +            (boots unavailable)
Will    .....        (no amulet)
Stlth   +++          g - +6 ring of dexterity
HPRegen 0.24/turn    (no ring)
MPRegen 0.10/turn

%: no passive effects
@: very quick
A: very small, no large weapons, unfitting armour, see invisible, speed 3
a: no special abilities


You were on level 3 of the Dungeon.
You visited 1 branch of the dungeon, and saw 3 of its levels.

You collected 193 gold pieces.
You spent 33 gold pieces at shops.


Innate Abilities, Weirdness & Mutations

You are very small and have problems with some larger weapons.
You are too small for most types of armour.
You have supernaturally acute eyesight. (SInv)
You cover ground extremely quickly. (Speed+++)


   Skills:
 - Level 1.5 Fighting
 - Level 5.0 Ranged Weapons
 + Level 5.6 Dodging
 - Level 1.5 Stealth


You had 4 spell levels left.
You didn't know any spells.
Your spell library was empty.

Inventory:

Hand Weapons
 d - a +1 hand cannon of draining (weapon)
Armour
 c - a +0 robe (worn)
Jewellery
 g - a +6 ring of dexterity (left hand)
Scrolls
 f - a scroll of vulnerability {unknown}
 h - a scroll of brand weapon {unknown}
Potions
 a - a potion of curing
 b - a potion of haste
 e - a potion of mutation
 i - a potion of enlightenment {unknown}
 j - a potion of might {unknown}

Dungeon Overview and Level Annotations

Branches:
Dungeon (3/15)

Altars:

Shops:
D:2 !


Message History

You now have 145 gold pieces (gained 6).
You now have 160 gold pieces (gained 15).
You open the door.
There is an open door here.
A kobold comes into view. It is wielding a +0 short sword.
You shoot a bolt. The bolt hits the kobold!!
You kill the kobold!
You see here a +0 short sword.
You open the door.
An endoplasm comes into view.
Found a rat skeleton and a goblin skeleton.
You shoot a bolt. The bolt hits the endoplasm.
The endoplasm is almost dead.
The endoplasm jiggles.
You shoot a bolt. The bolt hits the endoplasm!
You kill the endoplasm!
An endoplasm comes into view.
The endoplasm misses you.
You shoot a bolt. The bolt barely misses the endoplasm.
The endoplasm freezes you.
You are frozen.
You shoot a bolt. The bolt hits the endoplasm.
The endoplasm is severely wounded.
The endoplasm jiggles.
The endoplasm completely misses you.
An endoplasm comes into view.
The endoplasm misses you.
A jelly comes into view.
The endoplasm moves out of view.
You shoot a bolt. The bolt hits the endoplasm!
You kill the endoplasm!
An endoplasm comes into view.
The jelly hits you.
You are splashed with acid!
You shoot a bolt. The bolt hits the jelly!!
You kill the jelly!
A jelly comes into view.
You have reached level 5!
You feel agile.
You shoot a bolt. The bolt completely misses the jelly.
The jelly misses you. The jelly hits you.
You are splashed with acid!
You die...

##.# ### #... #######.##
#... #####....#.#.# #...
#.##.....#.#.# ##.#
###.'...[..#'#.# #.#
#...)........#.#
######.#
#.#.)........#0#
#...##.#
.##..)##.......#@#
###.##.#
......###......##JJ%PPP.
#.##.# .##.### ########
#..%... ###.##.# #.#
###### #....... #.#
#......# ###.# .# ##
######## ....##.# . #
.#####.#.# # .#####.#.#
#


You could see a jelly and an endoplasm.

Vanquished Creatures
  A jelly (D:3)
  Natasha (D:2)
  2 adders
  2 dart slugs (D:2)
  An orc (D:3)
  9 bats
  8 endoplasms
  A giant cockroach (D:2)
  3 goblins
  5 hobgoblins
  4 jackals (D:1)
  7 kobolds
  2 quokkas (D:1)
  5 ball pythons
  2 frilled lizards
  5 rats
58 creatures vanquished.

Notes
Turn   | Place    | Note
-------+----------+-------------------------------------------
     0 | D:1      | qw the Spriggan Hunter began the quest for the Orb.
     0 | D:1      | Reached XP level 1. HP: 10/10 MP: 2/2
     0 | D:1      | 0 ||| qw: Version: 0.3-a-155-g5e7d8dd
     0 | D:1      | 0 ||| qw: Game counter: 3494
     0 | D:1      | 0 ||| qw: Melee chars always use a shield: true
     0 | D:1      | 0 ||| qw: God list: Okawaru
     0 | D:1      | 0 ||| qw: Allow faded altars: false
     0 | D:1      | 0 ||| qw: Do Orc after clearing Dungeon:15 true
     0 | D:1      | 0 ||| qw: Do second Lair branch before Depths: true
     0 | D:1      | 0 ||| qw: Lair rune preference: random
     0 | D:1      | 0 ||| qw: Goals: Normal
     0 | D:1      | 0 ||| PLANNING D:1-11
     0 | D:1      | 0 ||| DROPPING scroll of butterflies.
   150 | D:1      | Reached skill level 3 in Dodging
   172 | D:1      | Reached XP level 2. HP: 13/14 MP: 3/3
   242 | D:1      | 242 ||| DROPPING scarf of shadows.
   243 | D:1      | 243 ||| READING scroll labelled WOQU SOK YROO.
   249 | D:1      | 249 ||| READING scroll labelled FYOPRE FADDIST.
   249 | D:1      | Identified a scroll of acquirement
   249 | D:1      | 249 ||| ACQUIRING +1 hand cannon of draining
   249 | D:1      | Acquired a +1 hand cannon of draining
   251 | D:1      | 251 ||| SWAPPING to +1 hand cannon of draining.
   252 | D:1      | 252 ||| DROPPING +0 shortbow.
   253 | D:1      | 253 ||| DRINKING 2 fuming purple potions.
   435 | D:2      | Found Woir's Distillery.
   440 | D:2      | 440 ||| SHOPLISTING potion of cancellation (88 gold, have
                  | 61).
   440 | D:2      | 440 ||| BUYING potion of curing (33 gold).
   440 | D:2      | Bought a potion of curing for 33 gold pieces
   440 | D:2      | 440 ||| SHOPLISTING potion of curing (33 gold, have 28).
   440 | D:2      | 440 ||| SHOPLISTING potion of haste (110 gold, have 28).
   440 | D:2      | 440 ||| SHOPLISTING potion of heal wounds (55 gold, have
                  | 28).
   440 | D:2      | 440 ||| SHOPLISTING potion of resistance (110 gold, have
                  | 28).
   707 | D:1      | Found a faded altar of an unknown god.
  1019 | D:1      | 1019 ||| READING scroll labelled MAIW BUOLU.
  1044 | D:1      | 1044 ||| READING scroll labelled SENKAX CIUFU.
  1045 | D:1      | 1045 ||| READING 3 scrolls labelled SETILAYBRUM.
  1045 | D:1      | 1045 ||| IDENTIFYING fuming red potion
  1229 | D:2      | Reached XP level 3. HP: 18/18 MP: 4/4
  1407 | D:2      | Noticed Natasha
  1410 | D:2      | Killed Natasha
  1635 | D:2      | Reached XP level 4. HP: 22/22 MP: 5/5
  1741 | D:2      | 1741 ||| UPGRADING to +6 ring of dexterity.
  1742 | D:2      | 1742 ||| READING 2 scrolls of identify.
  1742 | D:2      | 1742 ||| IDENTIFYING brown potion
  1743 | D:2      | 1743 ||| READING scroll of identify.
  1743 | D:2      | 1743 ||| IDENTIFYING scroll labelled GOPSIBAIRHI
  1744 | D:2      | 1744 ||| DROPPING potion of magic.
  1745 | D:2      | 1745 ||| DROPPING scroll of fear.
  2007 | D:3      | Reached XP level 5. HP: 10/25 MP: 6/6
  2007 | D:3      | Splashed by a jelly's acid

Levels and vault maps discovered:
D:1:      nicolae_arrival_escape_room, layout_loops_corners,
          shapermc_ecumenical_altar_mp_vishouse
D:2:      layout_basic, serial_shops, shop, minmay_randomly_rotated_circles,
          uniq_natasha
D:3:      cheibrodos_fertilizer, layout_loops_ring, hangedman_feature_mirror,
          minmay_stone_trees_medium, nicolae_elevator_lobby_plus

Skill      XL: |  1  2  3  4 |
---------------+-------------+-----
Dodging        | 3 4 5 |  5.6
Ranged Weapons | 5 |  5.0
Fighting       | |  1.5
Stealth        | |  1.5

Action                     |  1- 3 |  4- 6 || total
---------------------------+-------+-------++-------
   Fire: Shortbow          |    23 |       ||    23
         Hand cannon       |    38 |    51 ||    89
    Use: Scroll            |     5 |     2 ||     7
         Potion            |     1 |       ||     1
 Armour: Robe              |     8 |    19 ||    27
  Dodge: Dodged            |     7 |    75 ||    82

Table legend:
 A = Non-vault XP
 B = Vault XP
 C = Vault XP percentage of total XP
 D = Non-vault monster count
 E = Vault monster count
 F = Vault count percentage of total count
                 A         B        C        D         E       F
            +---------+---------+-------+---------+---------+-------
      Total |      77 |     121 |  61.1 |      41 |      17 |  29.3
            +---------+---------+-------+---------+---------+-------
        D:1 |      36 |       0 |   0.0 |      21 |       0 |   0.0
        D:2 |      26 |      55 |  67.9 |      12 |       7 |  36.8
        D:3 |      15 |      66 |  81.5 |       8 |      10 |  55.6
            +---------+---------+-------+---------+---------+-------
